 Dungeon Crawl Stone Soup version 0.25.1-2-g60ff931df9 (webtiles) character file.

Game seed: 15977920747549127579

79 Drachen the Slasher (level 3, -4/29 HPs)
             Began as a Demigod Gladiator on Oct 16, 2020.
             Killed from afar by an orc wizard (5 damage)
             ... with a magic dart
             ... on level 3 of the Dungeon.
             The game lasted 00:07:45 (2847 turns).

Drachen the Slasher (Demigod Gladiator)             Turns: 2847, Time: 00:07:46

Health: -4/29      AC:  5    Str: 14 (17) XL:     3   Next: 95%
Magic:  5/5        EV: 14    Int: 11 (12) God:
Gold:   166        SH:  0    Dex: 18 (19) Spells: 2/2 levels left

rFire    . . .     SeeInvis .   p - -2 hunting sling (curse)
rCold    . . .     Gourm    .   (no shield)
rNeg     . . .     Faith    .   b - +0 leather armour
rPois    .         Spirit   .   c - +1 helmet
rElec    .         Reflect  .   (no cloak)
rCorr    .         Harm     .   (no gloves)
MR       +....                  (no boots)
Stlth    +.........             (no amulet)
HPRegen  0.09/turn              k - ring of protection from magic
MPRegen  0.09/turn              (no ring)

@: no status effects
A: high mp 1
a: no special abilities


You were on level 3 of the Dungeon.
You were not hungry.

You visited 1 branch of the dungeon, and saw 3 of its levels.

You collected 166 gold pieces.

Inventory:

Hand Weapons
 a - a +0 long sword
 p - a cursed -2 hunting sling (weapon)
Armour
 b - a +0 leather armour (worn)
 c - a +1 helmet (worn)
Jewellery
 k - a ring of protection from magic (left hand)
Scrolls
 h - a scroll of identify
 j - a scroll of teleportation
 o - a scroll of fog
Potions
 g - 2 potions of curing
Comestibles
 f - 2 rations


   Skills:
 - Level 2.0 Fighting
 + Level 3.6 Long Blades
 - Level 2.0 Throwing
 + Level 3.6 Dodging


You had 2 spell levels left.
You didn't know any spells.
Your spell library was empty.

Dungeon Overview and Level Annotations

Branches:
Dungeon (3/15)


Innate Abilities, Weirdness & Mutations

You have an increased reservoir of magic. (+10% MP)


Message History

The orc wizard hits you with a +0 dagger.
* * * LOW HITPOINT WARNING * * *
The orc wizard barely misses you.
The orc wizard hits you but does no damage.
You closely miss the orc wizard.
The orc wizard is heavily wounded.
The orc wizard points at you and mumbles some strange words.
The magic dart hits you.
* * * LOW HITPOINT WARNING * * *
The orc wizard hits you with a +0 dagger.
* * * LOW HITPOINT WARNING * * *
Things that are here:
2 throwing nets; 2 stones The orc wizard mumbles some strange words.
The orc wizard blinks!
Unknown command.
The orc wizard completely misses you. The orc wizard casts a spell at you.
The magic dart hits you.
You die...

#.#### ### #.# #.#.. ..#
##'## #.#.#####.###..)##
#......##.##.....#
#......##.#.....<.
#######.#...###......(..
........o(....(.........
.######.#.....<.........
#@##.######..>....
#####.##### ##.....#
#...>.....# ##...##
#.###.###.# ##+## #.#
#.# #.#
#.###.########.###
#............#.#..
#####.######.....#
........# #.....#


You could see an orc wizard (fast).

Vanquished Creatures
  3 adders
  2 worms (D:2)
  2 dart slugs (D:2)
  A leopard gecko (D:1)
  4 bats
  5 giant cockroaches
  4 hobgoblins
  6 kobolds
  2 frilled lizards
  7 goblins
  6 rats
42 creatures vanquished.

Notes
Turn   | Place    | Note
-------+----------+-------------------------------------------
     0 | D:1      | Drachen the Demigod Gladiator began the quest for the Orb.
     0 | D:1      | Reached XP level 1. HP: 17/17 MP: 3/3
   534 | D:1      | Reached XP level 2. HP: 24/24 MP: 4/4
   617 | D:1      | Found a burning altar of Makhleb.
  1467 | D:2      | Found a snail-covered altar of Cheibriados.
  1567 | D:2      | Reached XP level 3. HP: 26/29 MP: 5/5
  2273 | D:2      | Found a basalt altar of Yredelemnul.
  2273 | D:2      | Found a stormy altar of Qazlal.
  2275 | D:2      | Found a glowing silver altar of Zin.
  2275 | D:2      | Found a sacrificial altar of Ru.
  2275 | D:2      | Found a shimmering altar of Xom.
  2606 | D:3      | Found a shimmering blue altar of Sif Muna.
  2807 | D:3      | HP: 1/29 [orc wizard/magic dart (4)]
  2842 | D:3      | HP: 1/29 [orc wizard/+0 dagger (4)]
  2847 | D:3      | Killed from afar by an orc wizard

Illustrated notes

Levels and vault maps discovered:
D:1:      psy_arrival_spokes, layout_loops_ring, minmay_hexomino_r4
D:2:      layout_basic, doesnt_xom_only_xom
D:3:      layout_loops_corners, kiku_gazebo_garden_becter, led_sif_book

Skill      XL: |  1  2 |
---------------+-------+-----
Fighting       | 2 |  2.0
Throwing       | 2 |  2.0
Long Blades    | 3 |  3.6
Dodging        | 3 |  3.6

Action                   || total
-------------------------++-------
Melee: Long sword        ||   116
       Hunting sling     ||    54
 Fire: Hunting sling     ||    61
Throw: Throwing net      ||     6
  Use: Potion            ||     7
       Scroll            ||     4
 Stab: Held in net/web   ||     1
  Eat: Chunk             ||     6
Armor: Leather armour    ||    52
       Skin              ||    27
Dodge: Dodged            ||   137
       Rpst.: Long sword ||    24
